Map: Acid Plant LE

Players

DnS

  • Race: Protoss Protoss
  • Spawn Location: 5:00

Silky - Winner!

  • Race: Zerg Zerg
  • Spawn Location: 11:00

Event: WCS Austin 2018

VOD

Have the link to the VOD?

Description

Time

  • Played on: June 1, 2018, 3:32 p.m.
  • Length: 15:23

All games in this series

Show
View Real Time Build Order
Export as new Build Order

DnS Protoss 

Build Orders: 1 Gate Expand, Oracle Opening, Phoenix Opening, Archon Immortal 

Get SALT Encoding   

  12  0:00  Probe  
  13  0:13  Probe  
  14  0:20  Pylon  
  14  0:25  Probe  
  15  0:34  Probe  
  15  0:40  Gateway  
  15  0:42  Probe  
  16  0:48  Assimilator  
  17  0:53  Probe  
  18  1:05  Probe  
  19  1:17  Probe  
  20  1:25  Nexus  
  20  1:35  Cybernetics Core  
  20  1:38  Probe  
  21  1:45  Assimilator  
  21  1:50  Probe  
  22  1:54  Pylon  
  22  2:02  Probe  
  22  2:03  Adept  
  23  2:14  Probe  
  26  2:16  Stargate  
  26  2:22  Adept  
  26  2:26  Probe  
  27  2:34  Probe  
  29  2:38  Warp Gate  
  29  2:39  Probe  
  29  2:42  Probe  
  31  2:46  Adept  
  31  2:51  Probe  
  35  2:52  Probe  
  35  2:58  Oracle  
  36  3:03  Probe  
  36  3:04  Probe  
  41  3:15  Pylon, Probe  
  41  3:16  Probe  
  43  3:22  Gateway  
  43  3:27  Probe  
  43  3:28  Probe  
  43  3:31  Phoenix  
  45  3:35  Gateway, Adept  
  49  3:42  Probe  
  48  3:51  Probe  
  48  3:54  Oracle, Probe  
  48  3:56  Assimilator  
  48  3:57  Assimilator, Pylon  
  51  4:03  Probe  
  51  4:06  Probe  
  53  4:15  Probe  
  56  4:18  Probe  
  56  4:23  Pylon  
  57  4:25  Pylon  
  57  4:27  Probe  
  57  4:29  Pylon  
  57  4:30  Probe  
  57  4:40  Adept, Probe  
  57  4:41  Adept  
  57  4:42  Zealot  
  64  4:52  Probe x2  
  66  4:54  Nexus  
  66  5:05  Pylon  
  66  5:08  Adept x3  
  72  5:16  Robotics Facility  
  72  5:23  Pylon  
  72  5:25  Twilight Council  
  72  5:26  Probe x2  
  72  5:27  Forge  
  74  5:29  Sentry x2  
  74  5:33  Zealot  
  80  5:38  Probe  
  81  5:43  Charge, Probe  
  81  5:44  Protoss Ground Weapons Level 1  
  82  5:50  Probe  
  82  5:54  Warp Prism  
  82  5:55  Probe  
  73  6:02  Probe  
  68  6:08  Probe  
  71  6:13  Probe  
  71  6:14  Probe  
  71  6:17  Gateway  
  73  6:19  Gateway  
  73  6:20  Probe  
  73  6:24  Gateway  
  73  6:25  Assimilator, Probe  
  75  6:26  Probe  
  75  6:28  Templar Archives  
  75  6:32  Probe  
  77  6:37  Probe  
  77  6:38  Assimilator  
  77  6:39  Probe  
  79  6:44  Probe  
  80  6:47  Gateway x2  
  80  6:49  Probe  
  80  6:51  Probe  
  82  6:54  Pylon  
  82  6:55  Psionic Storm  
  82  6:56  Pylon, Probe  
  83  7:02  Zealot  
  83  7:05  Zealot  
  87  7:11  Observer  
  87  7:15  Photon Cannon  
  87  7:17  High Templar  
  87  7:20  Protoss Ground Weapons Level 2  
  87  7:22  High Templar x2  
  92  7:23  High Templar x2  
  92  7:29  Immortal  
  98  7:30  Pylon  
  98  7:33  Nexus  
  102  7:38  Probe x3  
  102  7:44  Photon Cannon  
  104  7:45  High Templar, Photon Cannon  
  104  7:47  Photon Cannon  
  104  7:49  High Templar  
  108  7:52  Shield Battery x2, High Templar  
  110  8:01  Archon  
  110  8:02  Zealot x5, Immortal  
  120  8:07  Nexus  
  120  8:08  Pylon  
  120  8:12  Pylon  
  124  8:13  Pylon  
  121  8:27  High Templar x2  
  121  8:28  Pylon  
  121  8:29  Assimilator  
  121  8:31  Archon  
  121  8:32  Immortal  
  125  8:34  Assimilator  
  125  8:36  High Templar x2  
  125  8:40  Archon, Gateway  
  129  8:41  Gateway  
  129  8:44  Gateway  
  133  8:50  Shield Battery  
  133  8:51  Photon Cannon  
  133  8:54  Zealot x3  
  133  8:55  Zealot  
  141  9:07  Probe  
  141  9:08  Probe x2  
  144  9:10  High Templar x2  
  144  9:12  Twilight Council  
  144  9:13  Photon Cannon  
  144  9:19  Warp Prism  
  144  9:20  Probe  
  144  9:21  Zealot  
  144  9:22  Zealot x3, Archon  
  144  9:30  Protoss Ground Weapons Level 3  
  134  9:32  High Templar x2  
  134  9:37  Archon  
  138  9:44  High Templar  
  136  9:46  Immortal, High Templar  
  136  9:47  Zealot x5  
  136  9:50  Archon  
  142  10:00  High Templar x2  
  146  10:11  Nexus  
  146  10:12  Pylon  
  146  10:16  High Templar  
  146  10:17  High Templar  
  146  10:21  Archon  
  150  10:27  Immortal  
  144  10:36  Archon  
  143  10:48  Zealot x4  
  143  10:49  Zealot x4  
  131  10:56  Probe  
  131  10:57  Probe x2  
  127  10:58  Immortal  
  119  11:08  Probe  
  119  11:09  Probe x3  
  108  11:12  High Templar x3  
  108  11:15  Zealot x2  
  118  11:20  Probe  
  118  11:24  High Templar x2, Probe x2  
  111  11:25  Probe  
  111  11:32  Probe x3  
  115  11:33  Probe  
  115  11:38  Archon  
  118  11:40  Probe  
  118  11:41  Probe  
  118  11:44  Probe  
  121  11:49  High Templar x2  
  121  11:53  Archon  
  125  12:01  Zealot x4  
  131  12:08  High Templar  
  131  12:09  High Templar  
  131  12:10  Probe x2  
  131  12:11  Probe  
  136  12:19  Probe x3  
  137  12:23  Probe  
  137  12:26  Zealot  
  137  12:27  Probe  
  137  12:28  Zealot  
  137  12:29  Probe  
  144  12:39  High Templar x3  
  144  12:40  High Templar  
  144  12:43  Archon  
  152  12:44  Archon, Probe x2  
  152  12:45  Probe  
  155  12:56  High Templar  
  155  12:57  Zealot x2, High Templar  
  163  13:01  Archon  
  116  13:14  Observer  
  116  13:15  Archon x2  
  116  13:17  High Templar x2  
  116  13:18  Zealot  
  116  13:19  Zealot x3  
  116  13:28  Probe  
  116  13:29  Probe x2  
  119  13:37  High Templar x2  
  119  13:38  Probe  
  119  13:40  Probe  
  125  13:48  Zealot x3  
  125  13:50  Pylon  
  124  13:57  Zealot  
  124  13:58  Zealot  
  124  13:59  Probe  
  125  14:13  Warp Prism  
  125  14:14  High Templar x2  
  129  14:18  Archon  
  125  14:41  Zealot x3, High Templar x2  
  132  14:45  Archon  
  97  15:07  Probe  
Show
View Real Time Build Order
Export as new Build Order

Silky Zerg - Winner!

Build Orders: Hatch First 

Get SALT Encoding   

  12  0:00  Drone  
  13  0:12  Overlord  
  13  0:16  Drone  
  14  0:30  Drone x2  
  16  0:47  Hatchery  
  15  0:51  Drone  
  15  0:54  Drone  
  17  0:57  Drone  
  18  1:09  Extractor  
  17  1:13  Spawning Pool  
  17  1:16  Drone  
  17  1:19  Drone  
  18  1:27  Drone  
  19  1:38  Drone  
  20  1:49  Overlord  
  20  2:00  Queen x2, Zergling x4  
  26  2:09  Metabolic Boost  
  26  2:11  Drone  
  26  2:12  Drone  
  28  2:21  Drone x2  
  30  2:36  Hatchery  
  29  2:43  Queen  
  31  2:47  Overlord  
  31  2:51  Drone  
  31  2:52  Drone  
  31  2:54  Zergling x2  
  31  2:57  Zergling x2  
  35  3:04  Overlord  
  35  3:09  Drone x3  
  38  3:16  Drone x3  
  38  3:18  Drone  
  42  3:23  Spore Crawler  
  42  3:24  Drone x2  
  43  3:30  Spore Crawler  
  42  3:34  Drone x2  
  43  3:42  Drone x3  
  43  3:43  Drone x2  
  49  3:52  Queen  
  49  3:57  Drone x3  
  49  3:58  Drone x2  
  49  3:59  Drone  
  54  4:05  Evolution Chamber  
  54  4:06  Drone  
  55  4:10  Drone x2  
  55  4:16  Spore Crawler  
  55  4:18  Overlord  
  55  4:25  Overlord  
  55  4:26  Overlord  
  55  4:33  Zerg Melee Weapons Level 1  
  55  4:36  Queen  
  57  4:40  Overlord  
  57  4:43  Drone x5  
  57  4:44  Drone x6  
  68  4:48  Baneling Nest  
  68  4:49  Zergling x4  
  68  4:50  Zergling x2  
  70  4:53  Zergling x2  
  70  5:00  Zergling x2  
  70  5:01  Zergling x2  
  70  5:02  Lair  
  70  5:05  Zergling x6, Extractor  
  70  5:06  Extractor  
  73  5:11  Zergling x2  
  73  5:12  Zergling x4  
  74  5:18  Drone x2  
  74  5:19  Drone x3  
  77  5:22  Extractor  
  77  5:26  Zergling x2  
  77  5:29  Queen  
  77  5:33  Baneling x2  
  77  5:34  Zergling x6  
  77  5:35  Baneling x2  
  82  5:37  Overlord x2  
  81  5:47  Zergling x2  
  81  5:48  Zergling x2  
  79  5:56  Zergling x2  
  74  5:57  Zergling x14  
  78  6:13  Drone x3  
  78  6:15  Hatchery  
  78  6:16  Queen  
  78  6:17  Drone x3, Hydralisk Den  
  78  6:18  Hatchery  
  83  6:26  Queen  
  83  6:28  Drone x3  
  83  6:29  Zerg Melee Weapons Level 2  
  83  6:31  Centrifical Hooks  
  88  6:33  Extractor  
  88  6:36  Extractor  
  88  6:37  Baneling x2  
  88  6:39  Baneling  
  86  6:40  Drone x2  
  86  6:41  Drone x4  
  91  6:47  Grooved Spines, Drone  
  91  6:48  Drone x2  
  94  6:56  Overseer  
  94  6:58  Hydralisk  
  94  6:59  Overlord x2  
  94  7:00  Overlord x2  
  95  7:19  Hydralisk x9  
  95  7:21  Drone x4  
  117  7:26  Drone x3  
  120  7:33  Hatchery, Hydralisk x4  
  120  7:36  Drone  
  128  7:43  Drone x3  
  128  7:44  Drone, Extractor  
  131  7:47  Hydralisk x3  
  131  7:48  Hydralisk  
  131  7:49  Zergling x2  
  139  7:53  Zergling x4  
  141  7:59  Zergling x4  
  141  8:00  Overlord x2  
  141  8:01  Overlord x2  
  141  8:15  Burrow  
  141  8:16  Pneumatized Carapace  
  141  8:18  Overlord  
  141  8:25  Zergling x28  
  141  8:26  Zergling x2  
  153  8:29  Zergling x6  
  155  8:34  Baneling x9  
  155  8:36  Zergling x2  
  155  8:37  Zergling x10  
  155  8:40  Zergling x2  
  161  8:47  Zergling x10  
  161  8:48  Zergling x2  
  167  8:54  Baneling x7  
  167  8:55  Zerg Missile Weapons Level 1, Muscular Augments  
  167  8:57  Baneling x10  
  167  8:58  Baneling x8  
  167  9:01  Zergling x8  
  167  9:02  Zergling x4  
  173  9:12  Zergling x10  
  173  9:13  Zergling x12  
  178  9:21  Zergling x2  
  178  9:22  Zergling x18  
  175  9:29  Drone  
  175  9:30  Zergling x12  
  168  9:34  Queen  
  170  9:38  Baneling  
  170  9:39  Baneling x19  
  170  9:41  Zergling x2  
  154  9:54  Hydralisk  
  154  9:55  Hydralisk x6, Zergling x2  
  163  10:03  Hydralisk x5  
  173  10:08  Hydralisk x3  
  179  10:14  Infestation Pit  
  179  10:15  Zergling x4  
  179  10:16  Zergling x8  
  179  10:17  Baneling  
  179  10:18  Baneling x6  
  180  10:35  Zergling x34  
  179  10:53  Zergling x24  
  177  11:00  Zergling x14  
  181  11:05  Drone x2  
  181  11:06  Drone  
  181  11:10  Baneling  
  174  11:21  Zergling x22  
  174  11:22  Zergling x8  
  186  11:27  Zergling x4  
  186  11:29  Overlord x2  
  187  11:35  Baneling x5  
  187  11:36  Baneling  
  187  11:39  Hive  
  187  11:42  Spire  
  187  11:44  Zergling x2  
  187  11:45  Overlord x2  
  187  11:52  Zergling x18  
  185  12:05  Hatchery  
  177  12:10  Baneling  
  177  12:12  Hydralisk x11  
  199  12:21  Baneling x15  
  199  12:23  Zergling x2  
  199  12:26  Overseer x2  
  199  12:30  Baneling x3  
  199  12:31  Baneling x15  
  199  12:36  Baneling  
  199  12:37  Baneling x7  
  199  12:38  Baneling x11  
  199  12:56  Greater Spire  
  169  13:07  Hydralisk x4, Zergling x2  
  158  13:15  Zergling x24  
  158  13:16  Zergling x10  
  165  13:21  Baneling x3  
  165  13:22  Zergling x14  
  165  13:23  Zergling x10  
  174  13:27  Zergling x10  
  174  13:28  Zergling x4  
  174  13:31  Corruptor  
  174  13:32  Corruptor  
  183  13:38  Corruptor  
  185  13:43  Corruptor x2  
  189  13:55  Hydralisk x4  
  190  14:04  Drone x2  
  190  14:08  Brood Lord x2  
  193  14:14  Brood Lord  
  185  14:17  Drone  
  185  14:18  Drone x6  
  185  14:19  Extractor  
  185  14:21  Extractor  
  185  14:22  Brood Lord  
  192  14:30  Extractor  
  191  14:32  Zergling x2  
  191  14:33  Zergling x16  
  191  14:37  Brood Lord  
  195  14:43  Zergling x4  
  196  14:46  Baneling x11  
  196  14:47  Baneling  
  186  15:06  Zergling x2  
Tags
 
Add a new tag
Caveats
  • Supply blocks, unpowered buildings, or Contaminate may cause inaccurate times.
  • Supply counts are checked every 10 seconds.